 Dungeon Crawl Stone Soup version 0.27-a0-1532-gca18f49f40 (webtiles) character file.

Game seed: 10416250589942524764

1934 Wyvernaa the Poker (level 9, -3/45 HPs)
             Began as a Vine Stalker Fighter on July 12, 2021.
             Was a Follower of Uskayaw.
             Slain by a wyvern (12 damage)
             ... on level 7 of the Dungeon.
             The game lasted 00:11:21 (5563 turns).

Wyvernaa the Poker (Vine Stalker Fighter)           Turns: 5563, Time: 00:11:21

Health: -3/45      AC:  8    Str: 21    XL:     9   Next: 17%
Magic:  0/16       EV:  8    Int:  8    God:    Uskayaw [*.....]
Gold:   357        SH: 10    Dex: 15    Spells: 16/16 levels left

rFire    . . .     SeeInvis .   a - +3 trident
rCold    . . .     Faith    .   c - +0 kite shield
rNeg     . . .     Spirit   +   b - +0 scale mail
rPois    .         Reflect  .   f - +0 helmet
rElec    .         Harm     .   (no cloak)
rCorr    .         Rampage  .   (no gloves)
Will     ++...                  (no boots)
Stlth    ++........             (no amulet)
HPRegen  1.15/turn              i - ring of willpower
MPRegen  0.15/turn              (no ring)

@: no status effects
A: fangs 3, regeneration 1, magic shield, antimagic bite, no potion heal 2
a: Renounce Religion, Stomp


You were on level 7 of the Dungeon.
You worshipped Uskayaw.
Uskayaw was noncommittal.
You visited 2 branches of the dungeon, and saw 8 of its levels.

You collected 357 gold pieces.

Inventory:

Hand Weapons
 a - a +3 trident (weapon)
Missiles
 v - a curare-tipped dart (quivered)
Armour
 b - a +0 scale mail (worn)
 c - a +0 kite shield (worn)
 f - a +0 helmet (worn)
 q - a +0 chain mail
Jewellery
 i - a ring of willpower (left hand)
Wands
 g - a wand of acid (18)
Scrolls
 e - 3 scrolls of amnesia
 j - a scroll of magic mapping
 k - 2 scrolls of noise {unknown}
 m - a scroll of teleportation {unknown}
 o - a scroll of fear {unknown}
 p - a scroll of vulnerability {unknown}
 t - 2 scrolls of enchant armour {unknown}
 u - 3 scrolls of identify
Potions
 d - a potion of haste
 h - 2 potions of curing
 l - a potion of flight {unknown}
 n - 2 potions of attraction {unknown}
 r - a potion of resistance {unknown}
 s - 3 potions of cancellation {unknown}


   Skills:
 + Level 3.9 Fighting
 + Level 6.2 Polearms
 + Level 4.5 Armour
 + Level 1.3 Dodging
 * Level 5.9 Stealth
 + Level 4.4 Shields
 * Level 4.2 Spellcasting


You had 16 spell levels left.
You didn't know any spells.
Your spell library was empty.

Dungeon Overview and Level Annotations

Branches:
Dungeon (7/15)             Temple (1/1) D:6

Altars:
Ashenzari
Cheibriados
Dithmenos
Fedhas
Gozag
Hepliaklqana
Kikubaaqudgha
Nemelex Xobeh
Qazlal
Ru
Sif Muna
Trog
Uskayaw
Vehumet
Wu Jian
Xom
Yredelemnul
Zin
The Shining One

Annotations:
D:4 3 runed translucent doors, Nausicaa's ghost, novice VSTm
D:6 1 runed translucent door, Crazy Yiuf


Innate Abilities, Weirdness & Mutations

You have razor-sharp teeth.
Your natural rate of healing is unusually fast.
When hurt, damage is shared between your health and your magic reserves.
Your bite disrupts and absorbs the magic of your enemies.
Potions cannot restore your health.


Message History

The wyvern is lightly wounded.
The wyvern bites you but does no damage.
You block the wyvern's attack.
You hit the wyvern.
The wyvern is lightly wounded.
The wyvern bites you. The wyvern barely misses you.
You hit the wyvern.
The wyvern is moderately wounded.
You block the wyvern's attack.
Your shield and scale mail prevent you from hitting the wyvern.
You bite the wyvern. You drain its power.
You feel invigorated.
The wyvern is moderately wounded.
The wyvern bites you! The wyvern bites you.
You barely miss the wyvern. You bite the wyvern, but do no damage.
The wyvern is moderately wounded.
The wyvern bites you but does no damage.
The wyvern bites you!
Your shield prevents you from hitting the wyvern.
Your bite misses the wyvern.
The wyvern is moderately wounded.
The wyvern bites you.
You hit the wyvern. You bite the wyvern. You drain its power.
You feel invigorated.
The wyvern is heavily wounded.
The wyvern hisses menacingly.
The wyvern bites you! x2
You can now pass through a line of other dancers.
The wyvern bites you!
* * * LOW HITPOINT WARNING * * *
Okay, then.
Okay, then.
You block the wyvern's attack.
Okay, then.
You block the wyvern's attack.
You can no longer pass through a line of other dancers.
The wyvern bites you!
* * * LOW HITPOINT WARNING * * *
The wyvern closely misses you. The wyvern bites you!
You die...

...#######...##..# #.#
........####.###.####.#
....<..# #........<#.#####
#.....###...#...........#
+.....+...#.#.#.###.###.#
#.....###...#.#.# #.# #.#
.###(....###)###.#.###.#
#.#
.........)).....l...##.#
#.#
############'###@.#.##.#
#.# .............#..#.#
#.# .............##.#.#
#.#
.............##...###.#
......................#
...................####
............≈.≈.≈..≈...#
..........≈≈≈≈≈≈≈≈≈≈≈≈≈≈≈≈
.........≈≈≈≈≈≈≈≈≈≈...≈≈≈≈


You could see a wyvern.

Vanquished Creatures
  Edmund (D:6)
  A water moccasin (D:5)
  A black bear (D:4)
  2 ice beasts
  A sky beast (D:6)
  2 ogres
  A centaur (D:7)
  A phantom (D:5)
  2 kobold brigands
  A bullfrog (D:5)
  2 scorpions
  A water moccasin skeleton (D:5)
  A centaur zombie (D:5)
  A hound (D:4)
  2 gnoll shamans
  3 bullfrog skeletons
  Jessica (D:2)
  A centaur skeleton (D:7)
  An iguana (D:6)
  An orc wizard (D:4)
  A hound zombie (D:5)
  A mummy (D:6)
  5 adders
  12 gnolls
  A howler monkey skeleton (D:4)
  A shadow imp (D:5)
  3 ufetubi
  An adder zombie (D:5)
  A worm (D:3)
  4 dart slugs
  17 orcs
  7 bats
  4 endoplasms
  2 giant cockroaches
  15 hobgoblins
  4 jackals (D:5)
  28 kobolds
  4 quokkas
  5 ball pythons
  3 frilled lizards
  17 goblins
  4 kobold zombies (D:6)
  A rat (D:2)
168 creatures vanquished.

Notes
Turn   | Place    | Note
-------+----------+-------------------------------------------
     0 | D:1      | Wyvernaa the Vine Stalker Fighter began the quest for the
                  | Orb.
     0 | D:1      | Reached XP level 1. HP: 11/11 MP: 2/2
    77 | D:1      | Reached XP level 2. HP: 3/16 MP: 1/3
    80 | D:1      | Reached skill level 2 in Polearms
   352 | D:1      | Reached XP level 3. HP: 6/19 MP: 2/4
  1066 | D:1      | Upgraded the game from 0.27-a0-1529-g1e82c303ef to
                  | 0.27-a0-1532-gca18f49f40
  1526 | D:2      | Noticed Jessica
  1531 | D:2      | Killed Jessica
  1532 | D:2      | Gained mutation: Your natural rate of healing is unusually
                  | fast. [Vine Stalker growth]
  1532 | D:2      | Reached XP level 4. HP: 22/23 MP: 5/5
  1557 | D:2      | Reached skill level 1 in Stealth
  1672 | D:2      | Found a faded altar of an unknown god.
  2292 | D:3      | Reached skill level 3 in Polearms
  2292 | D:3      | Reached XP level 5. HP: 28/28 MP: 7/7
  2555 | D:3      | Found a stormy altar of Qazlal.
  2555 | D:3      | Found a shimmering altar of Xom.
  2556 | D:3      | Found a sparkling altar of Nemelex Xobeh.
  2557 | D:3      | Found a hazy altar of Hepliaklqana.
  2568 | D:3      | Found a shadowy altar of Dithmenos.
  2569 | D:3      | Found a sacrificial altar of Ru.
  2760 | D:3      | Reached skill level 1 in Spellcasting
  2797 | D:3      | Found a glowing silver altar of Zin.
  2797 | D:3      | Found a snail-covered altar of Cheibriados.
  2843 | D:4      | Found a runed translucent gate.
  2844 | D:4      | Found a runed translucent gate.
  2845 | D:4      | Found a runed translucent gate.
  2848 | D:4      | Noticed Nausicaa's ghost (novice VSTm)
  2849 | D:4      | Noticed a black bear
  2864 | D:4      | Killed a black bear
  2865 | D:4      | Reached XP level 6. HP: 30/32 MP: 7/9
  3141 | D:4      | Reached XP level 7. HP: 25/36 MP: 7/11
  3151 | D:4      | Reached skill level 4 in Polearms
  3380 | D:5      | Entered Level 5 of the Dungeon
  3567 | D:5      | Found a basalt altar of Yredelemnul.
  3741 | D:5      | Reached skill level 1 in Dodging
  3741 | D:5      | Gained mutation: You have razor-sharp teeth. [Vine Stalker
                  | growth]
  3741 | D:5      | Reached XP level 8. HP: 25/40 MP: 8/13
  3815 | D:5      | Found a glowing golden altar of the Shining One.
  3829 | D:5      | Found a broken altar of Ashenzari.
  3858 | D:5      | Reached skill level 5 in Polearms
  4485 | D:6      | Reached skill level 5 in Stealth
  4499 | D:6      | Found a bloodstained altar of Trog.
  4620 | D:6      | Found a runed translucent door.
  4621 | D:6      | Noticed Crazy Yiuf
  4958 | D:6      | Noticed Edmund
  4975 | D:6      | Killed Edmund
  4976 | D:6      | Reached XP level 9. HP: 36/42 MP: 14/16
  5019 | D:6      | Reached skill level 6 in Polearms
  5133 | D:6      | Found a staircase to the Ecumenical Temple.
  5364 | Temple   | Entered the Ecumenical Temple
  5386 | Temple   | Became a worshipper of Uskayaw the Reveller
  5494 | D:7      | Reached * piety under Uskayaw
  5495 | D:7      | Reached ** piety under Uskayaw
  5500 | D:7      | Reached *** piety under Uskayaw
  5512 | D:7      | Reached **** piety under Uskayaw
  5563 | D:7      | Slain by a wyvern

Illustrated notes

Levels and vault maps discovered:
D:1:      minmay_arrival_five_plusses, layout_basic, hangedman_decor_growths,
          minmay_octomino_c4
D:2:      layout_basic, dreamdust_ecumenical_altar_statues,
          chequers_serial_rivers_micro_b, uniq_jessica
D:3:      layout_loops_ring, nicolae_overflow_hidden_temple,
          grunt_temple_overflow_open, supply_closet_lemuel
D:4:      layout_rooms, ebering_ghost_rock_garden
D:5:      corexii_shantytown, layout_loops_ring, lemuel_tele_altar,
          mainiacjoe_overflow_big_doors, dk_vineyard_1
D:6:      cheibrodos_thug_alley, layout_rooms, lemuel_crystal_altar,
          lemuel_temple_firewalk_b, serial_glass, glass_columns_b,
          glass_columns_b, minmay_mini_ossuary, uniq_edmund,
          uniq_crazy_yiuf_cottage
D:7:      cheibrodos_wizards_tower, layout_basic,
          nicolae_overflow_crystal_walls, serial_shops, nicolae_take_the_stairs,
          chequers_serial_rivers_large_a, uniq_harold
Temple:   compressed_dpeg_triangle_lava_temple

Skill      XL: |  1  2  3  4  5  6  7  8  9 |
---------------+----------------------------+-----
Polearms       | 2 3 4 5 6 |  6.2
Shields        | 3 4 |  4.4
Armour         | 3 4 |  4.5
Stealth        | 1 2 3 4 5 |  5.9
Fighting       | 3 |  3.9
Spellcasting   | 1 2 3 4 |  4.2
Dodging        | 1 |  1.3

Action                   |  1- 3 |  4- 6 |  7- 9 || total
-------------------------+-------+-------+-------++-------
Melee: Trident           |    74 |   120 |   291 ||   485
       Bite              |    19 |    32 |    84 ||   135
  Use: Potion            |     1 |     3 |     1 ||     5
       Scroll            |     5 |     1 |     1 ||     7
 Stab: Invisible         |       |     3 |       ||     3
       Sleeping          |       |       |     6 ||     6
       Distracted        |       |       |     1 ||     1
       Paralysed         |       |       |     1 ||     1
Armor: Scale mail        |    28 |    52 |    65 ||   145
Dodge: Dodged            |    18 |    36 |    64 ||   118
Block: Kite shield       |    48 |    67 |   121 ||   236

Table legend: (Time is in decaauts)
 A = Elapsed time spent in this place.
 B = Non-inter-level travel time spent in this place.
 C = Inter-level travel time spent in this place.
 D = Time resting spent in this place.
 E = Time spent auto-exploring this place.
 F = Levels seen in this place.
 G = Mean time per level.
                   A        B        C        D        E       F      G
               +--------+--------+--------+--------+--------+-----+--------+
         Total |   5714 |   5425 |    289 |    120 |   4128 |   8 |  714.2 |
       Dungeon |   5673 |   5385 |    288 |    120 |   4128 |   7 |  810.4 |
        Temple |     40 |     40 |      0 |      0 |      0 |   1 |   40.0 |
               +--------+--------+--------+--------+--------+-----+--------+

Top non-repeatable levels by time:
     D:1: 1162 daAuts
     D:6: 1049 daAuts
     D:5: 1045 daAuts
     D:2: 887 daAuts
     D:3: 806 daAuts
     D:4: 588 daAuts
     D:7: 133 daAuts
  Temple: 40 daAuts
